 Dungeon Crawl Stone Soup version 0.21-a0-401-g0b6bec4 (webtiles) character file.

10 4thArraOfDagon the Vexing (level 2, 3/19 HPs)
             Began as a Mummy Enchanter on Oct 21, 2017.
             Quit the game on level 2 of the Dungeon.
             The game lasted 00:01:30 (325 turns).

4thArraOfDagon the Vexing (Mummy Enchanter)          Turns: 325, Time: 00:01:31

Health: 3/19       AC:  6    Str: 11    XL:     2   Next: 10%
Magic:  3/5        EV: 10    Int: 14    God:
Gold:   28         SH:  0    Dex: 12    Spells: 5/6 levels left

rFire    x . .     SeeInvis .   a - +1 dagger
rCold    + . .     Gourm    .   (no shield)
rNeg     + + +     Faith    .   e - +0 ring mail
rPois    ∞         Spirit   .   (no helmet)
rElec    .         Reflect  .   (no cloak)
rCorr    .         Harm     .   g - +0 pair of gloves
MR       .....                  (no boots)
Stlth    +.........             (no amulet)
HPRegen  0.06/turn              d - ring of wizardry
MPRegen  0.09/turn              (no ring)

@: no status effects
A: no food or potions, fire vulnerability, cold resistance 1, negative energy
resistance 3, torment resistance, unbreathing
a: no special abilities


You were on level 2 of the Dungeon.
You were not hungry.

You visited 1 branch of the dungeon, and saw 3 of its levels.

You collected 28 gold pieces.

Inventory:

Hand Weapons
 a - a +1 dagger (weapon)
Armour
 b - a +0 robe
 e - a +0 ring mail (worn)
 g - a +0 pair of gloves (worn)
Jewellery
 d - a ring of wizardry (left hand)
Books
 c - a book of Maledictions

   Spells                             Type                      Level
   a - Corona                         Hexes                        1
   b - Ensorcelled Hibernation        Hexes/Ice                    2
   c - Confuse                        Hexes                        3
   d - Tukima's Dance                 Hexes                        3
   e - Dazzling Spray                 Conjuration/Hexes            3


   Skills:
 * Level 1.8 Short Blades
 - Level 1.5 Dodging
 - Level 2.4 Stealth
 - Level 2.6 Spellcasting
 - Level 2.6 Hexes


You had 5 spell levels left.
You knew the following spells:

 Your Spells              Type           Power        Failure   Level  Hunger
a - Corona                Hex            #......      8%          1    N/A

Dungeon Overview and Level Annotations

Branches:
Dungeon (3/15)

Altars:
Xom


Innate Abilities, Weirdness & Mutations

You do not eat or drink.
Your flesh is vulnerable to fire.
You are immune to poison.
Your flesh is cold resistant. (rC+)
You are immune to negative energy. (rN+++)
You are immune to unholy pain and torment.
You can survive without breathing.


Message History

The bat is severely wounded.
The bat hits you but does no damage.
Unknown command.
The bat closely misses you. The bat hits you but does no damage.
Unknown command.
The bat hits you but does no damage.
Unknown command.
The bat hits you.
* * * LOW HITPOINT WARNING * * *
You see here 2 stones.
Unknown command.
The adder hisses angrily.
The bat hits you but does no damage.
You see here a stone.
Unknown command.
As you read the scroll labeled AKKU WOMYFF, it crumbles to dust.
The scroll dissolves into smoke.
It was a scroll of fog.
The adder bites you but does no damage.
Unknown command.
Are you sure you want to abandon this character and quit the game? (Confirm with "yes".)

#.# #.#.#####.####.#
#.#####.#.<.........(####
#.##..%....####.###.....#
#.##.##..#.# #......##..#
#.##.##....####..###.#
..?.
#......._............#
###S
####.##....###.§b#####
#.##..#.# #.#S# #.......#
#.#@# ####.#### #.#§# #.#
#.#g# #######.# #.#§#
........# #.#)# .########
#g# .# #.# .# #.# .# ...


You could see a gnoll, an adder and a bat.

Vanquished Creatures
  A giant cockroach (D:2)
  2 goblins (D:2)
  2 bats (D:1)
  2 frilled lizards
  4 rats
11 creatures vanquished.

Notes
Turn   | Place    | Note
-------+----------+-------------------------------------------
     0 | D:1      | 4thArraOfDagon the Mummy Enchanter began the quest for the Orb.
     0 | D:1      | Reached XP level 1. HP: 13/13 MP: 4/4
    36 | D:1      | Reached skill level 1 in Short Blades
   166 | D:2      | Found a shimmering altar of Xom.
   308 | D:2      | Reached XP level 2. HP: 7/19 MP: 3/5
   325 | D:2      | Quit the game

Vault maps used:
D:1:      dpeg_arrival_simpleton_a, serial_corexii_hall, corexii_hall_statues_l,
          corexii_hall_statues_t, corexii_hall_statues_l,
          corexii_hall_statues_s, hangedman_decor_clover_reticule
D:2:      brannock_xom_greatest_gift, makhleb_grotto_becter, old_standard_altar,
          hangedman_feature_mirror
D:3:      nicolae_tso_carved_into_rock,
          nicolae_gozag_cash_rules_everything_around_me

Skill      XL: |  1 |
---------------+----+-----
Short Blades   | 1 |  1.8
Dodging        | |  1.5
Stealth        | |  2.4
Spellcasting   | |  2.6
Hexes          | |  2.6

Action                   || total
-------------------------++-------
Melee: Dagger            ||    52
 Cast: Corona            ||     3
  Use: Scroll            ||     1
 Stab: Distracted        ||     1
       Sleeping          ||     1
Armor: Ring mail         ||    39
       Robe              ||     5
Dodge: Dodged            ||    50

Table legend:
 A = Spawn XP
 B = Non-spawn XP
 C = Spawn XP percentage of total XP
 D = Spawn monster count
 E = Non-spawn monster count
 F = Spawn count percentage of total count
 G = Total turns spent on level
                    A         B        C        D         E        F      G
               +---------+---------+-------+---------+---------+-------+---------
         Total |       0 |      15 |   0.0 |       0 |      11 |   0.0 |   325
               +---------+---------+-------+---------+---------+-------+---------
           D:1 |       0 |       5 |   0.0 |       0 |       4 |   0.0 |   123
           D:2 |       0 |       8 |   0.0 |       0 |       5 |   0.0 |   167
           D:3 |       0 |       2 |   0.0 |       0 |       2 |   0.0 |    35
               +---------+---------+-------+---------+---------+-------+---------
